 Dungeon Crawl Stone Soup version 0.28-a0-932-g843f935a50 (console) character file.

Game seed: 7184349094841894652

55 CannotBeFrozen the Slasher (level 3, 0/29 HPs)
             Began as a Demigod Warper on Nov 24, 2021.
             Slain by an orc (5 damage)
             ... on level 3 of the Dungeon on Nov 27, 2021.
             The game lasted 00:09:50 (2885 turns).

CannotBeFrozen the Slasher (Demigod Warper)         Turns: 2885, Time: 00:09:51

Health: 0/29       AC:  6    Str: 12    XL:     3   Next: 45%
Magic:  8/8        EV: 10    Int: 19    God:
Gold:   63         SH:  0    Dex: 13    Spells: 4/6 levels left

rFire   . . .      SeeInvis .   a - +1 falchion
rCold   . . .      Faith    .   (no shield)
rNeg    . . .      Spirit   .   m - +1 ring mail
rPois   .          Reflect  .   (no helmet)
rElec   .          Harm     .   (no cloak)
rCorr   .          Rampage  .   (no gloves)
Will    .....                   (no boots)
Stlth   +.........              (no amulet)
HPRegen 0.09/turn               (no ring)
MPRegen 0.11/turn               (no ring)

@: no status effects
A: high mp 1, forlorn
a: no special abilities


You were on level 3 of the Dungeon.
You visited 1 branch of the dungeon, and saw 3 of its levels.

You collected 63 gold pieces.

Inventory:

Hand Weapons
 a - a +1 falchion (weapon)
Missiles
 d - 5 boomerangs of dispersal {=f =F}
 g - 43 stones (quivered)
 k - 12 poisoned darts
Armour
 m - a +1 ring mail (worn)
Jewellery
 i - a ring of protection from fire
Scrolls
 b - a scroll of identify {@r1}
 c - a scroll of blinking
Potions
 e - 2 potions of heal wounds {@q2}
 f - a potion of curing {unknown}


   Skills:
 - Level 1.7 Fighting
 - Level 3.3 Long Blades
 - Level 0.8 Throwing
 - Level 0.8 Armour
 - Level 1.7 Dodging
 - Level 2.0 Spellcasting
 + Level 3.0 Translocations


You had 4 spell levels left.
You knew the following spells:

 Your Spells              Type           Power      Damage    Failure   Level
b - Blink                 Tloc           26%        N/A       17%         2

Your spell library contained the following spells:

 Spells                   Type           Power      Damage    Failure   Level
 Gell's Gravitas          Tloc           13%        N/A       32%         3
 Lesser Beckoning         Tloc           13%        N/A       32%         3
 Teleport Other           Tloc           13%        N/A       32%         3
 Summon Lightning Spire   Summ/Air       1%         N/A       98%         4
 Manifold Assault         Tloc           13%        N/A       97%         5
 Storm Form               Tmut/Air       0%         N/A       100%        7
 Maxwell's Capacitive Co  Air            0%         ∞         100%        8


Dungeon Overview and Level Annotations

Branches:
Dungeon (3/15)

Shops:
D:1 !


Innate Abilities, Weirdness & Mutations

Your attributes grow dramatically as you level up.
You have an increased reservoir of magic. (+10% MP)
You shall have no god before yourself.


Message History

You hit the orc wizard.
The orc wizard is moderately wounded.
An orc comes into view. It is wielding a +0 dagger.
The orc wizard hits you but does no damage.
You hit the orc wizard.
The orc wizard is heavily wounded.
The orc wizard closely misses you.
You hit the orc wizard.
The orc wizard is almost dead.
The orc wizard hits you with a +0 dagger.
HP: 22/29 (-1) =========--- You closely miss the orc wizard.
The orc wizard is almost dead.
The orc wizard casts a spell.
The orc wizard flickers and vanishes!
Deactivating autopickup; reactivate with Ctrl-A.
The orc hits you but does no damage.
You hit something. Something hits you but does no damage.
The orc barely misses you.
You miss something. Something hits you but does no damage.
The orc closely misses you. Something hits you.
HP: 21/29 (-2) ========---- You miss something.
The orc hits you but does no damage. Something hits you.
HP: 18/29 (-3) =======----- !
You closely miss something. The orc hits you but does no damage.
The orc closely misses you. Something hits you but does no damage.
You miss something.
The orc barely misses you. x2; Something hits you.
The orc closely misses you.
HP: 17/29 (-1) =======----- You miss something.
The orc barely misses you.
You hear some strange, mumbled words.
A puff of flame appears from out of thin air!
The puff of flame hits you.
* * * LOW HITPOINT WARNING * * *
The orc barely misses you. x2
HP: 13/29 (-4) =====------- !
A magic dart appears from out of thin air!
The magic dart hits you!
* * * LOW HITPOINT WARNING * * *
HP: 5/29 (-8) ==---------- !!
The orc hits you with a +0 mace.
You die...

# #####......#.######.#.#.# #. .# #
#.......................# . ..+ ....
#...).....##.##.........#.#...#
....#.##....#.#####.####...##..#.....#
....#.........## #.####...+..........
........#......# #.##.#...##..##.##.#
#####...#......# #....#....<).# .. #
#.. #......# #.#.......##.###### #
######.# #.##.#.##.##....### ...
#......##.........###
....#..#.###..@.......... ....#....#
#.o.†......... .##.#### #.............
#.######..o..........
..........(.........
....#.......##+#... ...
#....(......... ......##.......#. .
..#### #.......# #.......# #..$....#


You could see 2 orcs.

Vanquished Creatures
  An adder (D:2)
  A worm (D:2)
  3 ball pythons (D:2)
  5 bats
  2 endoplasms (D:1)
  A giant cockroach (D:3)
  5 goblins
  5 hobgoblins
  5 quokkas
  4 frilled lizards
  3 kobolds (D:2)
  3 rats
38 creatures vanquished.

Notes
Turn   | Place    | Note
-------+----------+-------------------------------------------
     0 | D:1      | CannotBeFrozen the Demigod Warper began the quest for the
                  | Orb.
     0 | D:1      | Reached XP level 1. HP: 17/17 MP: 5/5
   613 | D:1      | Reached XP level 2. HP: 22/24 MP: 7/7
   773 | D:1      | Found Ageuk's Distillery.
  1110 | D:2      | Upgraded the game from 0.28-a0-909-g796cbd3a86 to
                  | 0.28-a0-932-g843f935a50
  1248 | D:2      | Learned a level 2 spell: Blink
  2095 | D:2      | Reached XP level 3. HP: 9/29 MP: 8/8
  2885 | D:3      | Slain by an orc

Illustrated notes

Levels and vault maps discovered:
D:1:      psy_arrival_conway, layout_basic,
          shapermc_ecumenical_altar_notcrosses, serial_shops, shop_statue,
          st_stairs_9, minmay_misc_feat_roman, chequers_mini_garden,
          minmay_misc_feat_iff
D:2:      layout_basic
D:3:      cheibrodos_pilgrimage, layout_basic, kennysheep_generic_room_12

Skill      XL: |  1  2  3 |
---------------+----------+-----
Long Blades    | 2 3 |  3.3
Spellcasting   | 2 |  2.0
Translocations | 3 |  3.0
Fighting       | |  1.7
Throwing       | |  0.8
Armour         | |  0.8
Dodging        | |  1.7

Action                   || total
-------------------------++-------
Melee: Falchion          ||   130
Throw: Stone             ||    61
       Dart              ||     5
  Use: Scroll            ||     5
Armor: Leather armour    ||    47
       Ring mail         ||    24
Dodge: Dodged            ||   104

Table legend: (Time is in decaauts)
 A = Elapsed time spent in this place.
 B = Non-inter-level travel time spent in this place.
 C = Inter-level travel time spent in this place.
 D = Time resting spent in this place.
 E = Time spent auto-exploring this place.
 F = Levels seen in this place.
 G = Mean time per level.
                   A        B        C        D        E       F      G
               +--------+--------+--------+--------+--------+-----+--------+
         Total |   2915 |   2834 |     81 |    608 |   1632 |   3 |  971.7 |
       Dungeon |   2915 |   2834 |     81 |    608 |   1632 |   3 |  971.7 |
               +--------+--------+--------+--------+--------+-----+--------+

Top non-repeatable levels by time:
     D:2: 1431 daAuts
     D:1: 1120 daAuts
     D:3: 363 daAuts
